 Dungeon Crawl Stone Soup version 0.27.0-65-ge2af304b15 (webtiles) character file.

Game seed: 3045871524438641956

268953 AIAndy the Eclecticist (level 21, -5/167 HPs)
             Began as a Djinni Fire Elementalist on Aug 16, 2021.
             Was a High Priest of Ashenzari.
             Killed from afar by a hellion (48 damage)
             ... with damnation
             ... in a wizard's laboratory on Aug 19, 2021.
             The game lasted 05:10:47 (32309 turns).

AIAndy the Eclecticist (Djinni Fire Elementalist)  Turns: 32309, Time: 05:10:47

Health: -5/167     AC: 23    Str:  5    XL:     21   Next: 1%
Gold:   3655       EV: 19    Int: 28    God:    Ashenzari [*****.] SH: 19 Dex: 14

rFire    + + +     SeeInvis +   R - staff of fire {!a}
rCold    + + .     Faith    .   J - +5 kite shield of Star-Bound Wisdom {Fort, Evo} (curse)
rNeg     + . .     Spirit   .   Y - +4 troll leather armour of the Fated Ordeal {Regen+, Snorg, Fort, Self} (curse)
rPois    ∞         Reflect  .   h - +2 helmet of Ashenzari's Morality {Self, Fort} (curse)
rElec    .         Harm     +   u - scarf {harm}
rCorr    .         Rampage  .   c - +2 pair of gloves of Supernal Knowledge {Self, Evo} (curse)
Will     ++...     Clarity  +   (boots unavailable)
Stlth    ++........             D - amulet "Lashed Scepticism" {Regen+, Self, Fort} (curse)
HPRegen  2.37/turn              f - ring "I Knew You'd Do That" {AC+4, Cun, Self} (curse)
MPRegen  0.00/turn              a - ring of Desmomancy {rF++ rC+++ rN+ Str-4 Int+3, Cun, Fort} (curse)

@: flying, studying Bows
A: sickness immunity, fire resistance 2, cold vulnerability 1, float, innate
caster, hp casting, extra vitality 1
}: 2/15 runes: decaying, gossamer
a: Renounce Religion, Curse Item, Shatter the Chains


You were in a wizard's laboratory.
You worshipped Ashenzari.
Ashenzari was extremely pleased with you.
You visited 7 branches of the dungeon, and saw 35 of its levels.
You also visited: Sewer, Bailey, Volcano and Wizlab.

You collected 4453 gold pieces.
You spent 798 gold pieces at shops.


Innate Abilities, Weirdness & Mutations

You are immune to sickness and miasma.
You are immune to poison.
Your flesh is very heat resistant. (rF++)
You are vulnerable to cold. (rC-)
You float through the air rather than walking.
You learn spells naturally, not from books.
Your magical power is your life essence.
You have superior vitality. (+4 HP)


   Skills:
 + Level 13.1(19.9) Fighting
 + Level 12.2(19.0) Armour
 + Level 14.1(17.7) Dodging
 - Level 1.5(4.2) Stealth
 + Level 12.2(19.1) Shields
 + Level 19.7(25.8) Spellcasting
 - Level 3.3(6.8) Evocations


You had 11 spell levels left.
You knew the following spells:

 Your Spells              Type           Power      Damage    Failure   Level
b - Blade Hands           Tmut           55%        N/A       0%          5
c - Conjure Flame         Conj/Fire      100%       6-21      0%          3
e - Corpse Rot            Necr/Air       N/A        N/A       0%          2
f - Foxfire               Conj/Fire      100%       2x1d9     0%          1
h - Haunt                 Necr/Summ      55%        N/A       1%          7
i - Dispersal             Tloc           55%        N/A       0%          6
l - Fireball              Conj/Fire      67%        3d25      0%          5
m - Monstrous Menagerie   Summ           55%        N/A       1%          7
p - Pain                  Necr           100%       1d9       0%          1
r - Inner Flame           Hex/Fire       100%       N/A       0%          3
s - Searing Ray           Conj           100%       3d7       0%          2
t - Teleport Other        Tloc           100%       N/A       0%          3
w - Shadow Creatures      Summ           N/A        N/A       0%          6
y - Sticky Flame          Conj/Fire      100%       2d11      0%          4
S - Silence               Hex/Air        55%        N/A       0%          5
Your spell library was empty.

Inventory:

Hand Weapons
 b - the +9 dire flail "Olemocs" {spect, Will+++ rCorr}
   (You found it on level 1 of the Depths)

   When its wielder attacks, the weapon's spirit leaps out and strikes again.
   The spirit shares a part of any damage it takes with its wielder.
   rCorr:     It protects you from acid and corrosion.
   Will:      It greatly increases your willpower.
Armour
 c - the cursed +2 pair of gloves of Supernal Knowledge (worn) {Self, Evo}
   (You found it on level 8 of the Dungeon)

   It has a curse which improves the following skills: Introspection: Fighting
   and Spellcasting.
   Evocations: Evocations.
 h - the cursed +2 helmet of Ashenzari's Morality (worn) {Self, Fort}
   (You found it on level 9 of the Dungeon)

   It has a curse which improves the following skills: Introspection: Fighting
   and Spellcasting.
   Fortitude: Armour and Shields.
 u - a scarf of harm (worn)
 J - the cursed +5 kite shield of Star-Bound Wisdom (worn) {Fort, Evo}
   (You found it on level 11 of the Dungeon)

   It has a curse which improves the following skills: Fortitude: Armour and
   Shields.
   Evocations: Evocations.
 Y - the cursed +4 troll leather armour of the Fated Ordeal (worn) {Regen+, Snorg, Fort, Self}
   (You found it on level 13 of the Dungeon)

   Regen:     It increases your rate of health regeneration.
   It has a curse which improves the following skills: Fortitude: Armour and
   Shields.
   Introspection: Fighting and Spellcasting.
Magical Staves
 R - a staff of fire (weapon) {!a}
Jewellery
 a - the cursed ring of Desmomancy (right hand) {rF++ rC+++ rN+ Str-4 Int+3, Cun, Fort}
   (You took it off a spriggan on level 2 of the Lair of Beasts)

   [ring of positive energy]

   Str:       It affects your strength (-4).
   Int:       It affects your intelligence (+3).
   rF:        It greatly protects you from fire.
   rC:        It renders you almost immune to cold.
   rN:        It protects you from negative energy.
   It has a curse which improves the following skills: Cunning: Dodging and
   Stealth.
   Fortitude: Armour and Shields.
 f - the cursed ring "I Knew You'd Do That" (left hand) {AC+4, Cun, Self}
   (You found it on level 6 of the Dungeon)

   [ring of protection]

   AC:        It affects your AC (+4).
   It has a curse which improves the following skills: Cunning: Dodging and
   Stealth.
   Introspection: Fighting and Spellcasting.
 D - the cursed amulet "Lashed Scepticism" (around neck) {Regen+, Self, Fort}
   (You found it on level 8 of the Dungeon)

   [amulet of regeneration]

   Regen:     It increases your rate of health regeneration.
   It has a curse which improves the following skills: Introspection: Fighting
   and Spellcasting.
   Fortitude: Armour and Shields.
Wands
 k - a wand of polymorph (29)
 t - a wand of paralysis (29)
 w - a wand of flame (62)
 B - a wand of acid (27)
 I - a wand of iceblast (33)
 V - a wand of digging (3)
Scrolls
 d - 4 scrolls of fear
 e - 7 scrolls of magic mapping
 j - 10 scrolls of enchant weapon
 l - 5 scrolls of fog
 m - a scroll of summoning
 q - a scroll of holy word
 r - 5 scrolls of enchant armour
 A - 16 scrolls of teleportation {@r2}
 M - 2 scrolls of blinking
Potions
 g - 6 potions of haste {@q3}
 i - 5 potions of might
 n - 5 potions of heal wounds {@q2}
 o - a potion of resistance
 p - 9 potions of curing {@q1}
 v - a potion of cancellation
 x - 2 potions of mutation
 F - 2 potions of berserk rage {!q}
 G - 6 potions of brilliance
 H - 6 potions of ambrosia
 X - a potion of invisibility
Miscellaneous
 s - a phantom mirror
 y - a piece from Xom's chessboard (15/15)
 z - a phial of floods
 L - a tin of tremorstones (2/2)
 Q - a box of beasts

Dungeon Overview and Level Annotations

Branches:
Dungeon (15/15)            Temple (1/1) D:5            Lair (6/6) D:9
  Swamp (4/4) Lair:2       Spider (4/4) Lair:3        Slime (0/5) Lair:6
    Orc (2/2) D:9             Elf (0/3) Orc:2        Vaults (0/5) D:13
 Depths (3/5) D:15          Sewer (visited)          Bailey (visited)
Volcano (visited)          WizLab (1/1)

Altars:
Ashenzari
Cheibriados
Dithmenos
Elyvilon
Fedhas
Gozag
Hepliaklqana
Kikubaaqudgha
Makhleb
Nemelex Xobeh
Okawaru
Qazlal
Ru
Sif Muna
Trog
Uskayaw
Vehumet
Wu Jian
Xom
Yredelemnul
Zin
The Shining One
Beogh
Jiyva
Lugonu

Shops:
D:2 :   Orc:2 [!*(   Depths:2 [([

Portals:
Hell: Depths:1 Depths:2
Abyss: Orc:1 Depths:2

Annotations:
D:6 4 runed translucent doors
D:13 exclusion: fire crab, Nessos
D:15 1 runed translucent door, Lyniq's ghost, journeyman DrTm
Lair:4 1 runed translucent door, makewrite's ghost, journeyman MiBe
Lair:6 exclusion: obsidian statue
Swamp:2 3 runed translucent doors, KCGemini's ghost, journeyman FeBe
Spider:3 2 runed translucent doors, Paaveh's ghost, adept OpAM; Roxanne

####### ####################
▒▒▒▒▒▒▒▒▒▒▒▒▒▒▒▒▒▒▒▒▒▒▒▒▒▒▒▒▒▒▒▒▒
..............○☼@○☼.............▒
..............☼○☼☼☼§....,.......▒
..............2kWk..............▒
###...........W2k.3.....3.......▒
..#......?....W...?.............▒
...............12...............▒
............2.W2.W..............▒
......#..2....W..W..............▒
.....#2§...§..?.......?#........▒


You could see a Brimstone Fiend (ally target), 3 cacodemons, a lorocyproca
(invisible), a blizzard demon (slow, weak-willed), a soul eater, a hellion, a
friendly shadow wraith (summoned, invisible, confused), 3 friendly lindwurms, 2
friendly phantasmal warriors, 3 friendly freezing wraiths and a friendly wraith
(summoned).


Message History

The soul eater draws from the surrounding life force!
Your lindwurms are drained of life.
The soul eater is healed.
Your lindwurm closely misses the cacodemon.
Your lindwurm claws the cacodemon but does no damage.
Your lindwurm claws the cacodemon.
The cacodemon hits your freezing wraith.
The cacodemon hits your freezing wraith!
The blizzard demon gestures at you. The freezing blast engulfs you. You resist.
Your shadow wraith hits the blizzard demon.
Your shadow wraith drains the blizzard demon's vigour!
The blizzard demon seems to slow down.
Casting: Fireball (safe; 0% risk of failure)
Confirm with . or Enter, or press ? or * to list all spells.
Aiming: Haunt (safe; 1% risk of failure)
Press: ? - help, Dir - move target, f - Brimstone Fiend, p - soul eater
Aim: a Brimstone Fiend Insubstantial figures form in the air.
You are engulfed in freezing vapours.
You resist.
Your phantasmal warrior disappears in a puff of smoke!
Your lindwurm bites the cacodemon.
Your lindwurm claws the cacodemon but does no damage.
Your lindwurm barely misses the cacodemon.
The Brimstone Fiend calls on the powers of darkness!
Your lindwurm convulses! x3
Your body is wracked with pain!
* * * LOW HITPOINT WARNING * * *
The hellion gestures at you.
The sphere of damnation explodes!
The damnation engulfs you!!!
You die...

Skill      XL: |  1  2  3  4  5  6  7  8  9 10 11 12 13 14 15 16 17 18 19 20 |
---------------+-------------------------------------------------------------+-----
Spellcasting   | 3 4 5 7 9 12 13 14 15 16 17 18 19 | 19.7
Fighting       | 1 2 5 7 8 10 11 12 13 | 13.1
Dodging        | 3 5 7 9 10 11 12 13 14 | 14.1
Armour         | 1 4 5 6 8 10 11 12 | 12.2
Shields        | 2 5 7 10 11 12 | 12.2
Evocations     | 3 |  3.3
Stealth        | |  1.5

Action                   |  1- 3 |  4- 6 |  7- 9 | 10-12 | 13-15 | 16-18 | 19-21 || total
-------------------------+-------+-------+-------+-------+-------+-------+-------++-------
Melee: Trident           |       |       |     2 |     1 |       |       |       ||     3
       Spear             |       |       |       |       |     3 |     6 |     1 ||    10
 Cast: Foxfire           |    58 |   108 |   140 |   106 |     4 |       |       ||   416
       Pain              |     7 |     6 |       |       |     1 |       |     2 ||    16
       Sticky Flame      |       |       |    12 |     6 |    19 |    16 |       ||    53
       Fireball          |       |       |    17 |   107 |   368 |   408 |   291 ||  1191
       Searing Ray       |       |       |     1 |     9 |     9 |    20 |     5 ||    44
       Teleport Other    |       |       |       |     1 |       |       |       ||     1
       Conjure Flame     |       |       |       |       |     3 |       |       ||     3
       Dispersal         |       |       |       |       |     8 |    15 |     9 ||    32
       Corpse Rot        |       |       |       |       |       |     1 |       ||     1
       Shadow Creatures  |       |       |       |       |       |    10 |     8 ||    18
       Monstrous Menager |       |       |       |       |       |       |    56 ||    56
       Haunt             |       |       |       |       |       |       |     2 ||     2
Invok: Curse Item        |       |     1 |     2 |     1 |     2 |     2 |     2 ||    10
       Shatter the Chain |       |       |       |       |     2 |       |     1 ||     3
Evoke: Wand              |       |       |       |       |     2 |       |       ||     2
  Use: Scroll            |       |       |     1 |       |     6 |     3 |     5 ||    15
       Potion            |       |       |       |     1 |     1 |       |       ||     2
 Stab: Confused          |       |       |       |       |       |     1 |       ||     1
       Paralysed         |       |       |       |       |       |       |     1 ||     1
Armor: Robe              |     1 |     5 |     4 |     3 |     5 |       |       ||    18
       Troll leather arm |       |       |       |       |    13 |   122 |    14 ||   149
Dodge: Dodged            |    13 |    18 |    22 |    29 |    26 |   202 |    29 ||   339
Block: Buckler           |       |       |       |     1 |    18 |   111 |       ||   130
       Kite shield       |       |       |       |       |       |     1 |    47 ||    48

Levels and vault maps discovered:
D:1:      dpeg_arrival_tiny_c, layout_loops_ring, ebering_ecumenical_altar_hall,
          minmay_box_of_dots
D:2:      layout_basic, basic_altar, serial_shops, nicolae_shop_stone
D:3:      layout_basic, nicolae_yredelemnul_corpse_copse
D:4:      layout_loops_ring, portal_sewer_entry_f
D:5:      minmay_general_purpose_star, layout_basic,
          mainiacjoe_overflow_cross_hatched, minmay_temple_entry_junction,
          minmay_pentangle
D:6:      layout_rooms, serial_curves, eino_curves_01, eino_curves_03,
          eino_curves_02, gammafunk_ghost_split, minmay_hollow_rounded_squares
D:7:      layout_basic, nicolae_hepliaklqana_hazy_memory
D:8:      layout_basic, lemuel_doored_altar, slow_altar_1, uniq_maggie
D:9:      layout_loops_corners, mainiacjoe_overflow_divided_tiny,
          due_lair_maze_entry_diamond, orc_0_dummy, enter_bailey_2,
          grunt_ministairs_7, uniq_harold
D:10:     layout_loops_ring, minitemple, fedhas_bush_and_centaur_altar
D:11:     layout_roguey, kennysheep_generic_room_15
D:12:     layout_long_grid
D:13:     layout_roguey, david_vaults_2, ebering_dispersal_statue_hall,
          uniq_snorg, uniq_nessos
D:14:     layout_loops_ring, hellmonk_bongcloud_opening, uniq_louise,
          uniq_azrael
D:15:     grunt_enter_depths_hoard, layout_loops_cross,
          ebering_ghost_inner_flame, xom_teletrap_fun
Temple:   nicolae_temple_hex_pool
Lair:1:   layout_small_grid, nicolae_volcano_entry_vermiform, minivault_24
Lair:2:   wad_woods_minihive, layout_cave_pods, minmay_swamp_entry_swarm
Lair:3:   layout_gridlike, spider_nest_entry_rubble,
          nzn_masters_of_martial_movement
Lair:4:   layout_small_grid, hellmonk_ghost_happy_afterlife,
          minmay_stone_trees_medium, uniq_kirke
Lair:5:   layout_regular_city, serial_forest, infiniplex_forest_lined_room_,
          infiniplex_forest_clump_tiny, infiniplex_forest_clump_curved,
          infiniplex_forest_clump_curved, infiniplex_forest_straight_4,
          infiniplex_forest_lined_room_, infiniplex_forest_end_3,
          infiniplex_forest_corner_2, infiniplex_forest_join,
          infiniplex_forest_clump_cross
Lair:6:   due_jungle_book, layout_long_grid, slime_altar_1
Swamp:1:  layout_basic_swamp, evilmike_swamp_ruin_rubble_1, swamp_pool1
Swamp:2:  layout_falls_marsh, gammafunk_ghost_split, hangedman_swamp_ruin_hall,
          lemuel_altar_in_water
Swamp:3:  layout_falls_marsh, evilmike_swamp_ruin_house_1
Swamp:4:  swamp_old_school, layout_basic_swamp, uniq_aizul
Spider:1: layout_spider_delve
Spider:2: spider_temple_joshua, uniq_arachne
Spider:3: layout_spider_delve, ebering_ghost_disaster_area,
          nicolae_spider_stair_cavern, uniq_roxanne
Spider:4: grunt_spider_rune_parallel
Orc:1:    layout_caves, nicolae_orc_sculptors_studio,
          amcnicky_altar_lugonu_corruption
Orc:2:    st_orc_ogre_mass, layout_diamond_mine, basic_altar
Depths:1: layout_honeycomb, grunt_mini_vestibule, nrook_mini_vaults,
          minivault_1, serial_bayou_pond_d, minmay_misc_feat_encased,
          lemuel_zombie_altar_kikubaaqudgha
Depths:2: minmay_triangles_in_corner, layout_basic, hellmouth_3, serial_shops,
          shop, shop, nicolae_shop_temple_entry_statues_fountains,
          abyss_entry_small_statue_room, minivault_11
Depths:3: evilmike_marble_ring, layout_gridlike, rand_demon_pan_entry_1,
          infiniplex_enter_wizlab_water, hangedman_geh_valley,
          hangedman_aerie_drop, grunt_megastairs_5
WizLab:   wizlab_doroklohe

Notes
Turn   | Place    | Note
-------+----------+-------------------------------------------
     0 | D:1      | AIAndy the Djinni Fire Elementalist began the quest for the
                  | Orb.
     0 | D:1      | Reached XP level 1. HP: 15/15 MP: 0/0
   206 | D:1      | Reached XP level 2. HP: 17/21 MP: 0/0
   371 | D:1      | Found a faded altar of an unknown god.
   376 | D:1      | Became a worshipper of Ashenzari the Shackled
   504 | D:1      | Reached skill level 3 in Spellcasting
   886 | D:1      | Reached XP level 3. HP: 18/25 MP: 0/0
   886 | D:1      | Learned a level 1 spell: Pain
  1639 | D:2      | Found a basalt altar of Yredelemnul.
  1695 | D:2      | Reached XP level 4. HP: 27/31 MP: 0/0
  2299 | D:2      | Found Xiatruix's Book Boutique.
  2626 | D:3      | Reached skill level 4 in Spellcasting
  2815 | D:3      | Reached XP level 5. HP: 30/35 MP: 0/0
  2815 | D:3      | Learned a level 2 spell: Corpse Rot
  3233 | D:3      | Found a basalt altar of Yredelemnul.
  3319 | D:4      | Noticed a centaur
  3323 | D:4      | Killed a centaur
  3324 | D:4      | Reached XP level 6. HP: 34/40 MP: 0/0
  3385 | D:4      | Reached skill level 1 in Fighting
  3385 | D:4      | Reached skill level 5 in Spellcasting
  3629 | D:4      | Found a glowing drain.
  3644 | Sewer    | Entered a sewer
  3803 | Sewer    | Noticed Purgy
  3809 | Sewer    | Killed Purgy
  3810 | Sewer    | Reached XP level 7. HP: 42/47 MP: 0/0
  3810 | Sewer    | Learned a level 2 spell: Searing Ray
  4132 | D:4      | Reached skill level 6 in Spellcasting
  4132 | D:4      | Reached * piety under Ashenzari
  4540 | D:4      | Identified a scroll of acquirement
  4546 | D:4      | Acquired a manual of Spellcasting
  4832 | D:5      | Entered Level 5 of the Dungeon
  4941 | D:5      | Identified a potion of resistance
  5067 | D:5      | Reached skill level 7 in Spellcasting
  5109 | D:5      | Found a staircase to the Ecumenical Temple.
  5118 | Temple   | Entered the Ecumenical Temple
  5270 | D:5      | Reached XP level 8. HP: 52/54 MP: 0/0
  5810 | D:5      | Reached skill level 8 in Spellcasting
  6096 | D:5      | Found a stormy altar of Qazlal.
  6339 | D:5      | Reached skill level 9 in Spellcasting
  6364 | D:5      | Reached XP level 9. HP: 30/58 MP: 0/0
  6364 | D:5      | Learned a level 3 spell: Teleport Other
  6371 | D:5      | Reached skill level 10 in Spellcasting
  7092 | D:6      | Reached skill level 11 in Spellcasting
  7167 | D:6      | Noticed stripedtigrrr's ghost (weakling OpDe)
  7176 | D:6      | Found a runed translucent gate.
  7176 | D:6      | Found a runed translucent gate.
  7176 | D:6      | Found a runed translucent gate.
  7285 | D:6      | Killed stripedtigrrr's ghost
  7308 | D:6      | Reached ** piety under Ashenzari
  7522 | D:6      | Noticed a troll
  7524 | D:6      | Killed a troll
  7525 | D:6      | Reached skill level 2 in Fighting
  7525 | D:6      | Reached skill level 3 in Dodging
  7648 | D:6      | Found a large runed translucent door.
  7649 | D:6      | Found a large runed translucent door.
  7653 | D:6      | Found a large runed translucent door.
  7653 | D:6      | Found a large runed translucent door.
  7655 | D:6      | Identified the ring of Ojobin {rN+ Stlth+}
  7655 | D:6      | Noticed a kobold demonologist
  7802 | D:6      | Noticed a two-headed ogre
  8037 | D:6      | Killed a two-headed ogre
  8038 | D:6      | Reached skill level 12 in Spellcasting
  8038 | D:6      | Reached XP level 10. HP: 49/70 MP: 0/0
  8676 | D:7      | Found a hazy altar of Hepliaklqana.
  9278 | D:8      | Noticed Maggie
  9282 | D:8      | Killed Maggie
  9415 | D:8      | Found a snail-covered altar of Cheibriados.
  9639 | D:8      | Noticed a two-headed ogre
  9643 | D:8      | Killed a two-headed ogre
  9644 | D:8      | Reached skill level 13 in Spellcasting
  9680 | D:8      | Found an ornate altar of the Wu Jian Council.
  9947 | D:9      | Reached XP level 11. HP: 65/75 MP: 0/0
  9947 | D:9      | Learned a level 5 spell: Blade Hands
 10023 | D:9      | Reached *** piety under Ashenzari
 10025 | D:9      | Found a staircase to the Orcish Mines.
 10049 | D:9      | Found a staircase to the Lair.
 10054 | D:9      | Reached skill level 1 in Armour
 10055 | D:9      | Reached skill level 3 in Fighting
 10060 | D:9      | Reached skill level 4 in Dodging
 10075 | D:9      | Reached skill level 4 in Fighting
 10087 | D:9      | Identified the +7 spear "Wuruquav" {antimagic, Fragile
                  | rCorr Dex+4 Stlth+}
 10089 | D:9      | Noticed a two-headed ogre
 10091 | D:9      | HP: 8/82 [centaur/arrow (7)]
 10098 | D:9      | Killed a two-headed ogre
 10099 | D:9      | Reached skill level 5 in Dodging
 10146 | D:9      | Found a flagged portal.
 10163 | Bailey   | Entered a bailey
 10322 | Bailey   | Noticed an orc knight
 10322 | Bailey   | Noticed an orc knight
 10322 | Bailey   | Noticed an orc knight
 10325 | Bailey   | Killed an orc knight
 10326 | Bailey   | Killed an orc knight
 10327 | Bailey   | Reached skill level 5 in Fighting
 10329 | Bailey   | Killed an orc knight
 10555 | D:9      | Noticed Harold
 10563 | D:9      | Killed Harold
 10564 | D:9      | Reached skill level 2 in Shields
 10755 | D:9      | Noticed a centaur warrior
 10758 | D:9      | Killed a centaur warrior
 10759 | D:9      | Reached skill level 14 in Spellcasting
 10759 | D:9      | Reached XP level 12. HP: 22/91 MP: 0/0
 11174 | D:9      | Found a hide-covered altar of Uskayaw.
 11315 | D:10     | Entered Level 10 of the Dungeon
 11591 | D:10     | Found a blossoming altar of Fedhas.
 11838 | D:10     | Noticed a two-headed ogre
 11841 | D:10     | Killed a two-headed ogre
 11854 | D:10     | Found a glowing golden altar of the Shining One.
 11856 | D:10     | Found a sparkling altar of Nemelex Xobeh.
 12132 | D:11     | Noticed a two-headed ogre
 12136 | D:11     | Killed a two-headed ogre
 12245 | D:11     | HP: 2/91 [white ugly thing (37)]
 12406 | D:11     | Identified the +6 falchion of the Pharaoh's Fist {flame,
                  | Str+5}
 12609 | D:12     | Noticed a two-headed ogre
 12612 | D:12     | Killed a two-headed ogre
 12858 | D:12     | Reached skill level 6 in Dodging
 12858 | D:12     | Reached skill level 15 in Spellcasting
 13219 | D:13     | Noticed Nessos
 13265 | D:13     | Noticed Snorg
 13270 | D:13     | Killed Snorg
 13352 | D:13     | Reached skill level 7 in Dodging
 13382 | D:13     | Reached XP level 13. HP: 91/96 MP: 0/0
 13382 | D:13     | Learned a level 5 spell: Silence
 13398 | D:13     | Found a gate to the Vaults.
 13544 | D:13     | Noticed a five-headed hydra
 13549 | D:13     | Killed a five-headed hydra
 14016 | Lair:1   | Entered Level 1 of the Lair of Beasts
 14122 | Lair:1   | Found a dark tunnel.
 14135 | Volcano  | Entered a volcano
 14254 | Volcano  | Reached skill level 16 in Spellcasting
 14320 | Volcano  | HP: 6/96 [+1 mace of flaming (13)]
 14330 | Volcano  | HP: 7/96 [+1 mace of flaming (12)]
 14749 | Lair:1   | Noticed a seven-headed hydra
 14752 | Lair:1   | Killed a seven-headed hydra
 15137 | Lair:1   | Noticed a seven-headed hydra
 15140 | Lair:1   | Killed a seven-headed hydra
 15166 | Lair:1   | Noticed a seven-headed hydra
 15170 | Lair:1   | Killed a seven-headed hydra
 15987 | Lair:2   | Found a staircase to the Swamp.
 15989 | Lair:2   | Reached XP level 14. HP: 100/103 MP: 0/0
 16588 | Lair:2   | Identified the ring of Awe {rF++ rC+++ rN+ Str-4 Int+3}
 16960 | Lair:3   | Reached skill level 2 in Armour
 16970 | Lair:3   | Reached skill level 6 in Fighting
 17092 | Lair:3   | Reached skill level 3 in Armour
 17097 | Lair:3   | Reached skill level 17 in Spellcasting
 17106 | Lair:3   | Reached skill level 8 in Dodging
 17454 | Lair:3   | Found a hole to the Spider Nest.
 17485 | Lair:3   | Reached skill level 7 in Fighting
 17511 | Lair:3   | Found an ornate altar of the Wu Jian Council.
 17512 | Lair:3   | Found a hide-covered altar of Uskayaw.
 18007 | Lair:4   | Noticed makewrite's ghost (journeyman MiBe)
 18009 | Lair:4   | Found a runed translucent door.
 18020 | Lair:4   | Reached skill level 9 in Dodging
 18134 | Lair:4   | Noticed Kirke
 18137 | Lair:4   | Killed Kirke
 18138 | Lair:4   | Reached skill level 4 in Armour
 18692 | Lair:5   | Reached XP level 15. HP: 106/112 MP: 0/0
 18692 | Lair:5   | Learned a level 6 spell: Dispersal
 19313 | Lair:6   | Entered Level 6 of the Lair of Beasts
 19621 | Lair:6   | Reached skill level 5 in Armour
 19929 | Lair:6   | Found a staircase to the Slime Pits.
 19930 | Lair:6   | Found a viscous altar of Jiyva.
 19979 | Lair:6   | Reached skill level 10 in Dodging
 20818 | Orc:1    | Entered Level 1 of the Orcish Mines
 20951 | Orc:1    | Found a corrupted altar of Lugonu.
 20967 | Orc:1    | Found a one-way gate to the infinite horrors of the Abyss.
 21283 | Orc:2    | Entered Level 2 of the Orcish Mines
 21295 | Orc:2    | Reached skill level 18 in Spellcasting
 21351 | Orc:2    | Found a staircase to the Elven Halls.
 21461 | Orc:2    | Reached XP level 16. HP: 88/118 MP: 0/0
 21517 | Orc:2    | Found Itoeh's Distillery.
 21517 | Orc:2    | Found Kuakki's Weapon Shop.
 21517 | Orc:2    | Found Dofirgh's Armour Boutique.
 21517 | Orc:2    | Found Momaaqol's Assorted Antiques.
 22013 | Orc:1    | Upgraded the game from 0.27.0-1-g7a089689b8 to
                  | 0.27.0-65-ge2af304b15
 22094 | Spider:1 | Entered Level 1 of the Spider Nest
 22599 | Spider:1 | Reached skill level 3 in Shields
 22880 | Spider:1 | Reached skill level 8 in Fighting
 22922 | Spider:1 | Reached skill level 6 in Armour
 22969 | Spider:2 | Noticed Arachne
 23040 | Spider:1 | Reached skill level 4 in Shields
 23735 | Spider:2 | Reached skill level 19 in Spellcasting
 23783 | Spider:2 | Killed Arachne
 23957 | Spider:2 | Reached skill level 5 in Shields
 23989 | Spider:2 | Found the +13 scythe of Curses {drain, Drain}
 24063 | Spider:2 | Reached XP level 17. HP: 118/127 MP: 0/0
 24063 | Spider:2 | Learned a level 6 spell: Shadow Creatures
 24103 | Spider:2 | Reached skill level 7 in Armour
 24156 | Spider:2 | Reached skill level 9 in Fighting
 24688 | Spider:3 | Reached skill level 6 in Shields
 24797 | Spider:3 | Reached skill level 8 in Armour
 24906 | Spider:3 | Identified Roxanne's Compendium of Transmutation
 24906 | Spider:3 | Noticed Roxanne
 25086 | Spider:3 | Found a large runed translucent door.
 25086 | Spider:3 | Found a large runed translucent door.
 25089 | Spider:3 | Noticed Paaveh's ghost (adept OpAM)
 25288 | Spider:4 | Entered Level 4 of the Spider Nest
 25290 | Spider:4 | Reached skill level 1 in Evocations
 25308 | Spider:4 | Reached skill level 2 in Evocations
 25380 | Spider:4 | Reached skill level 7 in Shields
 25413 | Spider:4 | Reached skill level 10 in Fighting
 25463 | Spider:4 | Reached skill level 3 in Evocations
 25570 | Spider:4 | Reached skill level 11 in Dodging
 25570 | Spider:4 | Reached XP level 18. HP: 130/138 MP: 0/0
 25574 | Spider:4 | Reached skill level 8 in Shields
 25740 | Spider:4 | Got a gossamer rune of Zot
 26191 | Swamp:1  | Entered Level 1 of the Swamp
 26317 | Swamp:1  | Reached skill level 9 in Armour
 26317 | Swamp:1  | Reached skill level 9 in Shields
 26465 | Swamp:1  | Reached **** piety under Ashenzari
 26750 | Swamp:2  | Noticed a tentacled monstrosity
 26753 | Swamp:2  | Noticed a tentacled monstrosity
 26754 | Swamp:2  | Found a runed translucent gate.
 26754 | Swamp:2  | Found a runed translucent gate.
 26758 | Swamp:2  | Identified the +1 pair of gloves "Kicaerch" {Dex+4}
 26758 | Swamp:2  | Noticed KCGemini's ghost (journeyman FeBe)
 26778 | Swamp:2  | Found a runed translucent gate.
 26860 | Swamp:2  | Found a sacrificial altar of Ru.
 26999 | Swamp:2  | Acquired 578 gold pieces
 27316 | Swamp:3  | Noticed a tentacled monstrosity
 27333 | Swamp:3  | Killed a tentacled monstrosity
 27450 | Swamp:3  | Reached skill level 11 in Fighting
 27494 | Swamp:3  | Reached skill level 12 in Dodging
 27765 | Swamp:4  | Entered Level 4 of the Swamp
 27773 | Swamp:4  | Reached skill level 10 in Shields
 27774 | Swamp:4  | Reached skill level 10 in Armour
 27774 | Swamp:4  | Noticed Aizul
 27780 | Swamp:4  | Killed Aizul
 27838 | Swamp:4  | Reached XP level 19. HP: 135/148 MP: 0/0
 27838 | Swamp:4  | Learned a level 7 spell: Monstrous Menagerie
 27982 | Swamp:4  | Reached ***** piety under Ashenzari
 28147 | Swamp:4  | Noticed the 27-headed Lernaean hydra
 28149 | Swamp:4  | Killed the 27-headed Lernaean hydra
 28257 | Swamp:4  | Got a decaying rune of Zot
 28550 | D:14     | Identified the +1 leather armour "Huanith" {Int+4 Dex+3}
 28584 | D:14     | Noticed Louise
 28602 | D:14     | Killed Louise
 28705 | D:14     | Noticed Azrael
 28724 | D:14     | Killed Azrael
 29085 | D:15     | Entered Level 15 of the Dungeon
 29085 | D:15     | Found a staircase to the Depths.
 29248 | D:15     | Reached skill level 12 in Fighting
 29248 | D:15     | Reached skill level 11 in Shields
 29250 | D:15     | Reached skill level 11 in Armour
 29251 | D:15     | Reached skill level 13 in Dodging
 29421 | D:15     | Noticed Lyniq's ghost (journeyman DrTm)
 29423 | D:15     | Found a runed translucent door.
 29551 | D:15     | Found a shimmering altar of Xom.
 29988 | Depths:1 | Entered Level 1 of the Depths
 30097 | Depths:1 | Identified the +9 dire flail "Olemocs" {spect, Will+++
                  | rCorr}
 30210 | Depths:1 | Reached XP level 20. HP: 148/160 MP: 0/0
 30210 | Depths:1 | Found a gateway to Hell.
 30467 | Depths:1 | Identified the +9 short sword of Melee {spect, rElec rPois
                  | Will- rCorr}
 30892 | Depths:2 | Found Kaimirch's Weapon Emporium.
 31036 | Depths:2 | Noticed a juggernaut
 31046 | Depths:2 | Killed a juggernaut
 31072 | Depths:2 | Noticed a tentacled monstrosity
 31245 | Depths:2 | Found Gofythiw's Armour Shop.
 31287 | Depths:2 | Killed a tentacled monstrosity
 31299 | Depths:2 | Reached skill level 12 in Shields
 31358 | Depths:2 | Reached skill level 12 in Armour
 31364 | Depths:2 | Reached skill level 14 in Dodging
 31450 | Depths:2 | Reached skill level 13 in Fighting
 31706 | Depths:2 | Found Saadd's Antique Armour Boutique.
 31714 | Depths:2 | Bought a colourful robe for 188 gold pieces
 31714 | Depths:2 | Identified the +2 robe of Pride {rPois rN+ Str+4 Dex+2}
                  | (You bought it in a shop on level 2 of the Depths)
 31715 | Depths:2 | Bought a smoking scale mail for 297 gold pieces
 31715 | Depths:2 | Identified the +1 scale mail of the Sailor {Fly rPois Dex-5
                  | Slay+4} (You bought it in a shop on level 2 of the Depths)
 31716 | Depths:2 | Bought a spiked chain mail for 313 gold pieces
 31716 | Depths:2 | Identified the +0 chain mail of Ruolaed {Slay+3} (You
                  | bought it in a shop on level 2 of the Depths)
 32010 | Depths:3 | Found the +4 robe of Folly {Brilliance Will-∞ Int+8}
 32079 | Depths:3 | Found a magical portal.
 32105 | WizLab   | Entered Doroklohe's Tomb
 32119 | WizLab   | Reached XP level 21. HP: 144/167 MP: 0/0
 32119 | WizLab   | Learned a level 7 spell: Haunt
 32160 | WizLab   | Noticed a Brimstone Fiend
 32309 | WizLab   | Killed from afar by a hellion

Vanquished Creatures
  A juggernaut (Depths:2)
  the Lernaean hydra (Swamp:4)
  Arachne (Spider:2)
  2 tentacled monstrosities
  A thorn hunter (Swamp:4)
  Kirke (Lair:4)
  An ancient champion (Depths:1)
  A shadow dragon (Depths:2)
  3 frost giants (Depths:2)
  A fenstrider witch (Swamp:4)
  Louise (D:14)
  5 ghost moths
  5 emperor scorpions
  Aizul (Swamp:4)
  7 very ugly things
  6 stone giants
  2 vampire knights (Depths:2)
  3 dire elephants (Lair:6)
  7 entropy weavers
  11 spark wasps
  5 bunyips
  Snorg (D:13)
  3 eleionomae
  2 ettins
  2 rakshasas
  2 great orbs of eyes (Depths:1)
  5 ice dragons
  5 boulder beetles
  Harold (D:9)
  A hell beast (Depths:1)
  2 spriggan air magi
  2 catoblepae
  21 hydras
  4 centaur warriors
  6 ogre magi
  29 two-headed ogres
  A dancing weapon (Volcano)
  6 alligators
  A hell hog (Depths:1)
  A deep troll shaman (Depths:2)
  An orc high priest (Orc:1)
  A hell knight (Depths:2)
  3 soul eaters
  A spectral anaconda (Lair:6)
  A spectral death yak (Lair:6)
  2 iron trolls
  A goliath frog (Swamp:2)
  3 spriggan druids
  4 deep trolls (Depths:2)
  A quicksilver dragon simulacrum (Depths:1)
  13 swamp dragons
  2 bog bodies
  5 wizards (Volcano)
  5 orc knights
  A lindwurm (Lair:1)
  5 necromancers
  4 will-o-the-wisps
  2 oklob plants (Spider:2)
  17 orb spiders
  2 orc sorcerers (Orc:1)
  4 cyclopes
  2 moths of wrath
  40 wolf spiders
  2 black mambas
  5 toenail golems (Volcano)
  19 ugly things
  22 elephants
  A dire elephant zombie (Lair:6)
  2 torpor snails
  2 smoke demons (Depths:2)
  20 cane toads
  A rime drake (Lair:6)
  A gargoyle (D:14)
  A rime drake (shapeshifter) (D:13)
  6 komodo dragons
  An unseen horror (D:11)
  15 demonic crawlers
  Maggie (D:8)
  A meliai (shapeshifter) (D:14)
  An ice devil (WizLab)
  32 jumping spiders
  4 bloated husks
  3 meliai (D:15)
  A queen bee (shapeshifter) (D:13)
  A slime creature (shapeshifter) (D:13)
  2 trolls
  19 hornets
  A polar bear (Lair:5)
  4 tyrant leeches
  A raiju (shapeshifter) (D:15)
  A spectral elephant (Lair:6)
  5 blink frogs (Lair:4)
  5 slime creatures (D:11)
  3 dream sheep (Lair:3)
  An ice dragon zombie (Depths:1)
  25 spriggans
  58 redbacks
  A wraith (D:12)
  A shadow (D:9)
  17 tarantellas
  2 wyverns (Lair:3)
  A ynoxinul (WizLab)
  A fire dragon skeleton (Depths:1)
  A yak (shapeshifter) (D:15)
  A spriggan skeleton (Depths:1)
  2 fire elementals (D:14)
  6 hogs (Lair:4)
  13 yaks
  3 basilisks
  2 steam dragons
  A chaos spawn (WizLab)
  19 vampire mosquitoes
  A spectral cane toad (Lair:6)
  13 swamp worms
  2 acid dragons
  A hell hound (D:14)
  A warg (Orc:2)
  A sky beast (D:6)
  14 water moccasins
  18 orc warriors
  Purgy (Sewer)
  An elephant zombie (Lair:6)
  2 ice beasts
  8 swamp drakes
  7 black bears
  A necrophage (D:5)
  7 wolves
  32 ogres
  18 centaurs
  An elephant skeleton (Lair:6)
  A phantom (D:4)
  A kobold brigand (D:9)
  11 bullfrogs
  3 gnoll sergeants
  A scorpion (D:4)
  2 water moccasin zombies (D:5)
  3 jellies
  40 killer bees
  An elephant simulacrum (Lair:6)
  10 wights (D:9)
  4 electric eels
  2 bullfrog zombies
  A centaur zombie (D:9)
  A centaur skeleton (D:5)
  10 orc priests
  4 hounds
  A bullfrog skeleton (D:5)
  A gnoll shaman (D:5)
  An iron imp (D:8)
  5 iguanas
  20 orc wizards
  A killer bee zombie (D:6)
  A hound zombie (D:3)
  A howler monkey zombie (D:6)
  15 gnolls
  10 adders
  A shadow imp (D:5)
  2 white imps (D:6)
  An ufetubus (D:6)
  An adder zombie (D:3)
  An adder skeleton (D:5)
  2 worms
  The ghost of stripedtigrrr the Sneak, a weakling OpDe of Yredelemnul (D:6)
  6 dart slugs
  78 orcs
  4 ball pythons
  3 bat zombies (Depths:1)
  5 endoplasms
  7 giant cockroaches
  6 goblins
  8 hobgoblins
  A jackal (D:5)
  6 quokkas
  6 bats
  6 frilled lizards
  A giant cockroach zombie (D:3)
  A jackal zombie (D:3)
  11 kobolds
  3 rats
  A rat zombie (Depths:1)
  A bush (Lair:4)
  2 lurking horrors (Orc:1)
  A withered plant (Lair:6)
1065 creatures vanquished.

Vanquished Creatures (collateral kills)
  A fire giant (Depths:2)
  A tengu reaver (Depths:2)
  A vampire knight (Depths:2)
  Azrael (D:14)
  2 fire dragons
  2 two-headed ogres (D:15)
  2 hell hogs (Depths:2)
  A soul eater (Depths:2)
  4 sun demons
  5 hell knights (Depths:2)
  A flayed ghost (Depths:2)
  An ugly thing (Depths:2)
  2 wolf spiders
  A torpor snail (Spider:3)
  A hellion (Depths:2)
  An efreet (D:15)
  2 demonic crawlers
  A jumping spider (Spider:3)
  An ettin skeleton (Depths:1)
  2 tarantellas (Spider:3)
  4 fire elementals (D:14)
  A hell hound (D:14)
  An ogre (D:15)
39 creatures vanquished.

Vanquished Creatures (others)
  A will-o-the-wisp (Swamp:4)
  A spriggan (Swamp:4)
  688 foxfires
  64 fungi
  A lurking horror (Orc:1)
  65 plants
  22 withered plants (Lair:6)
842 creatures vanquished.

Grand Total: 1946 creatures vanquished

Table legend: (Time is in decaauts)
 A = Elapsed time spent in this place.
 B = Non-inter-level travel time spent in this place.
 C = Inter-level travel time spent in this place.
 D = Time resting spent in this place.
 E = Time spent auto-exploring this place.
 F = Levels seen in this place.
 G = Mean time per level.
                   A        B        C        D        E       F      G
               +--------+--------+--------+--------+--------+-----+--------+
         Total |  32343 |  30140 |   2203 |   2976 |  21746 |  39 |  829.3 |
       Dungeon |  14892 |  14137 |    755 |   2295 |   9900 |  15 |  992.8 |
        Temple |     70 |     63 |      7 |      0 |     62 |   1 |   70.0 |
          Lair |   6386 |   5795 |    591 |    115 |   4574 |   6 | 1064.3 |
         Swamp |   2179 |   2004 |    175 |     54 |   1611 |   4 |  544.8 |
   Spider Nest |   4067 |   3645 |    422 |    218 |   2715 |   4 | 1016.8 |
  Orcish Mines |   1201 |   1121 |     80 |     65 |    825 |   2 |  600.5 |
        Depths |   2118 |   1948 |    170 |     74 |   1263 |   3 |  706.0 |
         Sewer |    382 |    382 |      0 |     34 |    266 |   1 |  382.0 |
        Bailey |    292 |    292 |      0 |      0 |    197 |   1 |  292.0 |
       Volcano |    548 |    548 |      0 |    121 |    252 |   1 |  548.0 |
        Wizlab |    203 |    203 |      0 |      0 |     81 |   1 |  203.0 |
               +--------+--------+--------+--------+--------+-----+--------+

Top non-repeatable levels by time:
     D:5: 2230 daAuts
Spider:1: 1618 daAuts
  Lair:2: 1484 daAuts
     D:1: 1472 daAuts
     D:6: 1429 daAuts
  Lair:6: 1264 daAuts
     D:9: 1263 daAuts
     D:4: 1130 daAuts
     D:2: 1071 daAuts
  Lair:1: 1053 daAuts
  Lair:3: 1052 daAuts
Depths:1: 1014 daAuts
Spider:2: 1000 daAuts
Depths:2: 955 daAuts
    D:15: 902 daAuts

Table legend:
 A = Non-vault XP
 B = Vault XP
 C = Vault XP percentage of total XP
 D = Non-vault monster count
 E = Vault monster count
 F = Vault count percentage of total count
                 A         B        C        D         E       F
            +---------+---------+-------+---------+---------+-------
      Total |  237384 |  177500 |  42.8 |     703 |     398 |  36.1
            +---------+---------+-------+---------+---------+-------
        D:1 |      34 |      14 |  29.2 |      17 |       5 |  22.7
        D:2 |      61 |       0 |   0.0 |      26 |       0 |   0.0
        D:3 |      51 |      28 |  35.4 |      16 |       4 |  20.0
        D:4 |     488 |      12 |   2.4 |      11 |       6 |  35.3
        D:5 |     359 |    1030 |  74.2 |      14 |      21 |  60.0
        D:6 |     770 |    1843 |  70.5 |      14 |      16 |  53.3
        D:7 |     480 |       0 |   0.0 |       8 |       0 |   0.0
        D:8 |    1373 |     379 |  21.6 |      13 |       2 |  13.3
        D:9 |    3145 |    3289 |  51.1 |      39 |      13 |  25.0
       D:10 |    1456 |     112 |   7.1 |      17 |       1 |   5.6
       D:11 |    3299 |     526 |  13.8 |       9 |       2 |  18.2
       D:12 |    3027 |       0 |   0.0 |       9 |       0 |   0.0
       D:13 |    3647 |    1803 |  33.1 |      12 |       3 |  20.0
       D:14 |   10776 |    2889 |  21.1 |      21 |      10 |  32.3
       D:15 |   15790 |    1951 |  11.0 |      32 |       2 |   5.9
     Lair:1 |    6079 |     621 |   9.3 |      18 |       1 |   5.3
     Lair:2 |    1107 |    6343 |  85.1 |       5 |      52 |  91.2
     Lair:3 |   12315 |    1315 |   9.6 |      38 |       2 |   5.0
     Lair:4 |    4950 |    3332 |  40.2 |      16 |       7 |  30.4
     Lair:5 |    2177 |       0 |   0.0 |       7 |       0 |   0.0
     Lair:6 |    5133 |   13084 |  71.8 |      15 |      24 |  61.5
    Swamp:1 |    9899 |       0 |   0.0 |      17 |       0 |   0.0
    Swamp:2 |   11177 |       0 |   0.0 |      22 |       0 |   0.0
    Swamp:3 |   12558 |       0 |   0.0 |      21 |       0 |   0.0
    Swamp:4 |   16079 |   23349 |  59.2 |      27 |      26 |  49.1
   Spider:1 |   11964 |       0 |   0.0 |      33 |       0 |   0.0
   Spider:2 |   15780 |   16946 |  51.8 |      38 |      29 |  43.3
   Spider:3 |   16539 |       0 |   0.0 |      33 |       0 |   0.0
   Spider:4 |   16445 |   25353 |  60.7 |      40 |      49 |  55.1
      Orc:1 |    2761 |       0 |   0.0 |      14 |       0 |   0.0
      Orc:2 |    3875 |   20690 |  84.2 |      53 |      41 |  43.6
   Depths:1 |   17488 |    5387 |  23.5 |      20 |       9 |  31.0
   Depths:2 |   20305 |   33871 |  62.5 |      23 |      31 |  57.4
   Depths:3 |    5997 |    2372 |  28.3 |       5 |       2 |  28.6
      Sewer |       0 |     163 | 100.0 |       0 |       6 | 100.0
     Bailey |       0 |    2159 | 100.0 |       0 |      18 | 100.0
    Volcano |       0 |    6750 | 100.0 |       0 |      11 | 100.0
     WizLab |       0 |    1889 | 100.0 |       0 |       5 | 100.0
            +---------+---------+-------+---------+---------+-------
